[Event "CCT Airthings Masters Play-In 2023"]
[Site "Online"]
[Date "2023.02.03"]
[Round "2"]
[White "VladimirKramnik"]
[Black "Arseniy_Nesterov"]
[Result "1-0"]
[ECO "D34"]
[WhiteElo "2730"]
[BlackElo "2558"]
[Annotator "TA"]
[PlyCount "57"]
[EventDate "2023.02.03"]
[EventType "swiss"]
[EventCountry "NET"]
[SourceTitle "playchess.com"]
[Source "ChessBase"]
[SourceQuality "1"]
[TimeControl "600+2"]

1. Nf3 d5 2. g3 Nf6 3. Bg2 e6 4. O-O Be7 5. c4 O-O 6. cxd5 exd5 7. b3 c5 8. d4 Nc6 9. Nc3 a6 {[%emt 0:01:40] D34: Tarrasch Defence: 6 g3 Nf6 7 Bg2 Be7.} 10. Bb2 Bg4 11. dxc5 Bxc5 {[%emt 0:00:02] White is slightly better.} 12. Rc1 Ba7 13. h3 Be6 14. e3 Rc8 15. Ne2 Ne4 {[%emt 0:00:02] [#]} 16. Nf4 $146 ({Predecessor:} 16. Ned4 Re8 17. Nxe6 fxe6 18. Ne5 Nxg3 19. Nxc6 bxc6 20. Qg4 Nf5 21. e4 dxe4 22. Bxe4 {½-½ Shapovalovi,V (1531)-Zaimov,B (1439) Ankara Baskent Univ op-B 3rd 2018 (5)}) 16... Qd6 17. Qe2 Rfd8 18. Rfd1 Qe7 19. Kh2 ({White should try} 19. Nd2 $16) 19... h6 20. Nh5 g6 21. Nf4 g5 22. Nh5 {[%emt 0:00:05] aiming for Nd2.} ({Don't do} 22. Nxe6 Qxe6 23. Ba1 Bb6 $14) 22... Bf5 $2 {[%emt 0:00:35] Black cannot hold the game after this.} (22... f5 $16) 23. Nd2 $1 $18 Ne5 24. Rxc8 Rxc8 25. Nxe4 dxe4 {[%emt 0:00:17] [#]} (25... Bxe4 26. Bxe4 dxe4 27. Bxe5 Qxe5) 26. Bxe5 $1 {[%emt 0:00:11] White is clearly winning.} Qxe5 {[%emt 0:00:01] [#]} 27. Rd5 $3 {[%emt 0:00:01][%mdl 576] Decoy} Qe6 {[%emt 0:00:01] [#]} (27... Bb8 28. Rxe5) 28. Qb2 $1 f6 (28... Qg6 29. Nf6+) 29. Qxf6 {[%emt 0:00:15] Beautiful play by VladimirKramnik!   Weighted Error Value: White=0.07 (flawless) /Black=0.35} 1-0

[Event "CCT Airthings Masters Play-In 2023"]
[Site "Online"]
[Date "2023.02.03"]
[Round "2"]
[White "Andreikin, Dmitry"]
[Black "Vladimir_"]
[Result "1-0"]
[ECO "D30"]
[WhiteElo "2729"]
[BlackElo "2553"]
[Annotator "TA"]
[PlyCount "51"]
[EventDate "2023.02.03"]
[EventType "swiss"]
[EventCountry "NET"]
[SourceTitle "playchess.com"]
[Source "ChessBase"]
[SourceQuality "1"]
[TimeControl "600+2"]

1. Nf3 d5 2. d4 Nf6 3. c4 e6 4. Bg5 a6 5. cxd5 exd5 6. e3 {[%emt 0:00:07] D30: Queen's Gambit Declined: Systems without Nc3.} Be6 7. Nc3 Nbd7 8. h3 {[%emt 0:00:13] White has an edge.} Bd6 9. Bd3 c6 10. O-O O-O 11. Nd2 $5 {[%emt 0:00:09][%mdl 4] An interesting side line.} h6 12. Bh4 {[%emt 0:00:05] [#]} g5 $146 ({Predecessor:} 12... c5 13. dxc5 Nxc5 14. Nf3 g5 15. Bg3 Bxg3 16. fxg3 Nh5 17. g4 Ng3 18. Rf2 Nxd3 19. Qxd3 {1-0 Hosseinzadeh,N (2215)-Bekiragaoglu,U (2147) TUR-chT 2nd League 2022 (9.12)}) 13. Bg3 Bxg3 14. fxg3 Kg7 15. g4 Nb6 ({Better is} 15... h5 $14) 16. Rf2 $16 {[%emt 0:00:38] White is more active.} Nc4 (16... Nbd7 $16) 17. Nxc4 dxc4 18. Bc2 Nd5 19. Qf3 Nb4 20. Be4 Nd3 21. Bxd3 cxd3 22. Qe4 $40 {[%emt 0:00:07][%mdl 128] [#] And now Qe5+ would win. White wants a kill.} Qd7 (22... Bc4 $16) 23. Raf1 {[%emt 0:00:08] Qe5+ would be deadly.} b5 $2 {[%emt 0:00:39][%mdl 8192] Black is weak on the dark squares} (23... f6 $16) 24. Qe5+ $18 ({Not} 24. Qxd3 Bc4 25. Qc2 (25. Qe4 Rae8 $17) 25... Bxf1 26. Rxf1 Rae8 $11) 24... Kg6 25. Rf6+ Kh7 {[%emt 0:00:02] [#]} 26. Rxh6+ $3 {[%emt 0:00:03][%mdl 576] Decoy, Clearance. Excellently played by Andreikin!   Weighted Error Value: White=0.14 (very precise) /Black=0.57} 1-0

[Event "CCT Airthings Masters Play-In 2023"]
[Site "Online"]
[Date "2023.02.03"]
[Round "2"]
[White "Duda, Jan-Krzysztof"]
[Black "attack2mateU"]
[Result "1-0"]
[ECO "C11"]
[WhiteElo "2729"]
[BlackElo "2566"]
[Annotator "TA"]
[PlyCount "109"]
[EventDate "2023.02.03"]
[EventType "swiss"]
[EventCountry "NET"]
[SourceTitle "playchess.com"]
[Source "ChessBase"]
[SourceQuality "1"]
[TimeControl "600+2"]

1. e4 e6 2. d4 d5 3. Nc3 Nf6 4. e5 Nfd7 5. Nce2 c5 6. c3 Nc6 7. f4 Be7 8. Nf3 O-O 9. a3 {[%emt 0:00:03] 9.h4 is becoming the main line. C11: French: Classical System: 4 e5 and 4 Bg5 dxe4.} f6 10. b4 {[%emt 0:00:27] was the old line (10.h4).} fxe5 11. fxe5 {[%emt 0:00:04] The position is equal.} cxd4 12. cxd4 Nb6 {[%emt 0:00:16] [#]} (12... Qc7 $11) 13. h4 $146 {[%emt 0:00:16] [#]} (13. b5 $16 Na5 14. Nf4) ({Predecessor:} 13. Qd3 Bd7 14. Nf4 Rc8 15. Bd2 Nc4 16. h4 Nxa3 17. Ng5 g6 18. Nxh7 Rf5 19. Qxa3 Rxf4 {0-1 Fischer,A (2282)-Kabisch,T (2318) Oberliga Wuerttemberg 1819 2018 (3)}) 13... Rxf3 $1 $17 {[%emt 0:00:30][%mdl 64] Remove Defender} 14. gxf3 Bxh4+ 15. Kd2 Bd7 $1 {[%emt 0:00:34][%cal Oc6e5][%mdl 1024] Black has strong compensation.} 16. Bb2 $2 (16. Kc3 $17 Nc4 17. Kc2 (17. Qd3 $2 a5 $19)) 16... Nc4+ (16... Nxe5 $142 17. Nc3 (17. dxe5 $2 Ba4 $19) 17... Rc8) 17. Kc1 $19 Be8 18. Bh3 Bg6 $2 ({Better is} 18... Bf7 $19 {...a5 is the strong threat.} 19. f4 Bf2) 19. Bxe6+ $11 Kh8 {[%emt 0:00:01] And now ...Bf2 would win.} 20. Qg1 {[%emt 0:00:40] Prevents Bf2.} (20. Rg1 $5 ) 20... Bd3 (20... N6a5 $5 21. bxa5 Bg5+ 22. Kd1 Nxb2+ 23. Ke1 Qxa5+ 24. Kf1 Qd2 $15) 21. Qg4 $2 (21. Nf4 $2 Qg5 22. Qg4 Qxg4 23. fxg4 Bg5 $19) (21. Rh3 $11 Nxb2 22. Kxb2 Bxe2 23. Qe3) 21... Bg5+ $2 (21... Bxe2 $2 22. Qxh4 (22. Rxh4 Bd3 $16) 22... Bd3 23. Qxd8+ Rxd8 24. Bc3 $18) (21... Bf2 22. Bc3 Qb6 23. Nf4 Nxd4 24. Ng6+ (24. Nxd3 $2 Ne2+ 25. Kd1 Nxc3+ 26. Kc1 Qe3+ 27. Kc2 Qe2+ {[%mdl 64] Deflection} 28. Kb3 Nd2+ 29. Kc2 Nc4+ 30. Kb3 Qxd3 $19) (24. Bxd5 $2 Nb3+ 25. Kd1 Ne3#) 24... Bxg6 25. Qxg6 (25. Bxd5 $2 Ne2+ 26. Kd1 Nxc3+ 27. Kc1 Be3#) 25... Be3+ 26. Kd1 $17 (26. Kb1 h6 $17)) (21... N6a5 $1 $19 {[%cal Ra5b3] ( -> ...Nb3+)} 22. bxa5 Qxa5) 22. f4 $17 Bh6 (22... Qc7 $1 $17 {keeps the pressure on.} 23. Qh3 (23. fxg5 $2 N6xe5 24. dxe5 Nxe5+ {[%mdl 64] Discovered Attack} 25. Bc3 Nxg4 $19) (23. Qxg5 Nd8 $15) 23... N4xe5) 23. Rh3 $16 Bxe2 24. Qxe2 Nxb2 25. Qxb2 (25. Kxb2 $16 {Qd3 would be deadly.} Nxd4 26. Qg4) 25... Qb6 (25... Qe7 $1 $11 26. Bxd5 Qd7 27. Rxh6 gxh6 28. Bxc6 Qxc6+ 29. Qc2 Qf3) 26. Kb1 Nxd4 27. Bxd5 {[%emt 0:00:12][%cal Be6d5,Bd5e4,Be4d3,Bd3c4][%mdl 32] Black must now prevent Qf2.} Rd8 28. Be4 Ne6 29. Rd3 Rxd3 30. Bxd3 Nxf4 (30... Bxf4 $16 31. Ka2 g6) 31. Bc4 $18 Qc6 32. Qd4 Bg5 {[%emt 0:00:02] [#] Dodges Qd8+} 33. Kb2 $1 {[%emt 0:00:09] Threatens to win with Rf1.} Qg2+ {[%emt 0:00:01] [#]} 34. Kb3 $1 {[%emt 0:00:02][%cal Od4d7] Hoping for Qd7!} b5 $2 (34... h5 {was called for.} 35. Rg1 (35. Qxa7 Qf3+ 36. Ka2 Qg2+ 37. Kb3 Qf3+ 38. Kc2 Qg2+ 39. Kb3 $11) 35... Qf3+ 36. Qc3 Qxc3+ 37. Kxc3 Be7) 35. Bxb5 Qf3+ 36. Qc3 Qd5+ 37. Ka4 h6 38. Re1 Ne6 (38... Qe6 $142 39. Qc7 Nd5 40. Qb8+ (40. Qxa7 $2 {is a self mate.} Nc3+ 41. Ka5 Bd8+) 40... Kh7 41. Bd3+ (41. Qxa7 $2 {gets mated.} Nc3+ 42. Ka5 Bd8+) 41... g6 42. Qxa7+ Kh8 43. Qb8+ Kg7) 39. Qc4 Qd2 40. Rf1 Nf4 41. e6 Qd6 {[%emt 0:00:01] [#]} 42. e7 $1 {[%emt 0:00:06][%mdl 64] Deflection} Qxe7 (42... Bxe7 43. Qxf4) 43. Rxf4 Bxf4 44. Qxf4 g5 45. Qd4+ Kh7 46. Bd3+ Kg8 47. Bc4+ Kh7 48. Kb5 (48. Ka5 $142 Kg6 49. Ka6) 48... Qe8+ 49. Ka6 Qc8+ 50. Kxa7 Qc7+ 51. Ka6 Qc6+ 52. Ka5 {[%emt 0:00:01] Intending b5 and mate.} Qa8+ 53. Ba6 Kg6 54. b5 {[%emt 0:00:01][%cal Bb4b5,Bb5b6][%mdl 32] White wants to mate with b6.} h5 55. b6 {[%emt 0:00:01] What a bad dream for Black. Excellently played by Duda!   Weighted Error Value: White=0.50/Black=0.80} 1-0

[Event "CCT Airthings Masters Play-In 2023"]
[Site "Online"]
[Date "2023.02.03"]
[Round "2"]
[White "mishanick"]
[Black "alexrustemov"]
[Result "1-0"]
[ECO "D17"]
[WhiteElo "2712"]
[BlackElo "2540"]
[Annotator "TA"]
[PlyCount "95"]
[EventDate "2023.02.03"]
[EventType "swiss"]
[EventCountry "NET"]
[SourceTitle "playchess.com"]
[Source "ChessBase"]
[SourceQuality "1"]
[TimeControl "600+2"]

1. d4 d5 2. Nf3 c6 3. c4 Nf6 4. Nc3 dxc4 5. a4 Bf5 6. Ne5 Nbd7 7. Nxc4 Nb6 8. Ne5 a5 9. e3 {[%emt 0:00:01] D17: Slav Defence: 5 a4 Bf5: Lines with 6 Nh4 and 6 Ne5.} g6 10. Bd3 Bxd3 11. Nxd3 {[%emt 0:00:00] The position is equal.} Bg7 12. O-O O-O 13. Bd2 $5 {[%emt 0:00:19][%mdl 4] A promising side line.} Nbd5 14. Qb3 Qb6 15. Qxb6 Nxb6 {[%emt 0:00:02] [#]} 16. Rfc1 $146 ({Predecessor:} 16. b3 Rfd8 17. Ra2 e6 18. Rc1 Bf8 19. Kf1 Nbd5 20. Nd1 Nd7 21. Ke2 Bg7 22. f4 {1-0 Ivanisevic,I (2629)-Pavlovic,M (2535) Zuerich Jubilee op 2009 (8)}) 16... Nfd5 (16... Rfd8 $11) 17. Ne4 {[%emt 0:00:03] White now steadily converts the win.} Nd7 {[%emt 0:00:07] [#]} 18. Nec5 $1 Nxc5 19. Rxc5 Ra7 20. Rxa5 {[%emt 0:00:03] White is more active.} (20. Bxa5 $6 Rfa8 21. Be1 Rxa4 22. Rxa4 Rxa4 $11) 20... Rxa5 21. Bxa5 Ra8 22. Bd2 f5 23. a5 b6 {[%emt 0:00:14] [#]} (23... Nc7 $16 {might work better.} 24. g3 Kf7) 24. b4 $1 $18 Kf7 25. Rc1 Rc8 26. Kf1 Ke6 27. Ke2 Kd7 28. f3 Rb8 29. Be1 e6 $2 (29... f4 30. e4 (30. Nxf4 Nxf4+ 31. exf4 bxa5 $16) (30. exf4 Bxd4 31. Rc4 Bf6 $16) 30... Nc7) 30. axb6 Rxb6 31. Nc5+ Kd6 $2 (31... Kc8 32. Ra1 Bh6 33. Ra8+ (33. Nxe6 Bxe3 34. Ra8+ Rb8 $16) 33... Rb8) 32. Ra1 {[%emt 0:00:03] And now Ra7 would win.} e5 33. Ra7 Nc7 34. Kd3 g5 35. Kc4 Rb8 {[%emt 0:00:32] [#]} (35... f4 $142 36. exf4 exf4 37. Ne4+ Kd7 38. Nxg5 Ra6) 36. Rxc7 $1 {[%emt 0:00:43][%mdl 576] Decoy} Kxc7 {[%emt 0:00:06][%mdl 4096] Endgame KRB-KBN} 37. Na6+ Kb7 38. Nxb8 Kxb8 {[%emt 0:00:01] KB-KB} 39. d5 Kc7 40. dxc6 Kxc6 41. b5+ Kd6 42. Bb4+ Ke6 43. e4 {[%emt 0:00:04] White wants to mate with b6.} fxe4 44. fxe4 {[%emt 0:00:00] White mates.} Bf6 45. b6 Bd8 46. Bc5 g4 47. b7 Kd7 48. b8=Q {[%emt 0:00:02] Weighted Error Value: White=0.19 (very precise) /Black=0.58} 1-0

[Event "CCT Airthings Masters Play-In 2023"]
[Site "Online"]
[Date "2023.02.03"]
[Round "2"]
[White "Baku_Boulevard"]
[Black "Mitrabha, Guha"]
[Result "0-1"]
[ECO "B10"]
[WhiteElo "2701"]
[BlackElo "2510"]
[Annotator "TA"]
[PlyCount "84"]
[EventDate "2023.02.03"]
[EventType "swiss"]
[EventCountry "NET"]
[SourceTitle "playchess.com"]
[Source "ChessBase"]
[SourceQuality "1"]
[TimeControl "600+2"]

1. e4 c6 2. Nf3 d5 3. e5 Bg4 4. Be2 e6 5. O-O Nd7 6. d4 {[%emt 0:00:02] B10: Caro-Kann: 2 d3 and 2 c4.} Ne7 7. Nbd2 c5 {[%emt 0:00:01] 7...c5 was played by the boomers.} 8. c4 {[%emt 0:00:41] [#] White has an edge.} dxc4 $146 (8... Nc6 $11) ({Predecessor:} 8... cxd4 9. Nxd4 Bxe2 10. Qxe2 a6 11. Re1 Nc6 12. Nxc6 bxc6 13. Nf3 Bc5 14. Be3 Bxe3 15. Qxe3 {½-½ Fleury,F (2377)-Markus,R (2484) Remote Superturnier 19 email 2013}) 9. Nxc4 $16 {[%emt 0:00:02][%cal Rc4d6] [#]} Nd5 (9... Nc6 $142) 10. Ng5 ({White should try} 10. Bg5 Qc7 11. Rc1) 10... Bxe2 11. Qxe2 N7b6 {[%emt 0:01:09] [#]} 12. Nxb6 ({But not} 12. Qf3 Qd7 13. Nxb6 axb6 $11) (12. dxc5 $1 $16 Bxc5 13. Ne4 (13. Qh5 g6 $11) 13... Nxc4 14. Nxc5 (14. Qxc4 Be7 $11)) 12... axb6 $14 13. Qb5+ Qd7 14. Qxd7+ Kxd7 15. Nxf7 Rg8 16. dxc5 bxc5 17. Ng5 h6 18. Ne4 Be7 19. Bd2 b5 20. Rfc1 Rgc8 21. f3 Ra6 (21... b4 $11 {keeps the balance.}) 22. Kf2 ({White should play} 22. a3 $16) 22... c4 (22... b4 $1 $11) 23. Ke2 (23. a3 $14) 23... b4 $11 24. g3 Rac6 25. Be1 Ra6 26. f4 g5 27. Kf3 Rac6 28. Rd1 gxf4 (28... c3 {looks sharper.} 29. bxc3 bxc3 30. Rd3 c2) 29. gxf4 c3 30. bxc3 bxc3 {[%emt 0:00:01] And now ...c2 would win.} 31. Rac1 c2 32. Rd3 Ke8 33. f5 exf5 34. Ng3 {[%emt 0:00:02][%mdl 8192] Now White is beyond hope.} (34. Nd6+ $1 $11 Bxd6 35. exd6 Rxd6 36. Rd2) 34... Bg5 $19 35. Rxc2 Rxc2 36. Rxd5 Kf7 $2 (36... Rxh2 $2 {perishes.} 37. Nxf5 Ra8 38. Rb5 $19) (36... R8c4 37. Nh5 Kf7 38. e6+ {[%mdl 64] Discovered Attack} Kxe6) 37. Rd6 $2 (37. Nxf5 {was called for.} Ke6 38. Ne3 Rf8+ 39. Ke4 Rf4+ 40. Kd3 Rxa2 41. h4 Bxh4 42. Bc3) 37... R8c4 ({Worse is} 37... Rxh2 38. Nxf5 Ra8 39. Bb4 $17) 38. e6+ Ke8 39. Nh5 Ke7 40. Rb6 Re4 41. Bb4+ Kd8 42. a3 Re3# {[%emt 0:00:01] A cool game by Mitrabha.   Weighted Error Value: White=0.69/Black=0.25 (precise)} 0-1

[Event "CCT Airthings Masters Play-In 2023"]
[Site "Online"]
[Date "2023.02.03"]
[Round "2"]
[White "Bigfish"]
[Black "kuli4ik"]
[Result "0-1"]
[ECO "D17"]
[WhiteElo "2673"]
[BlackElo "2531"]
[Annotator "TA"]
[PlyCount "146"]
[EventDate "2023.02.03"]
[EventType "swiss"]
[EventCountry "NET"]
[SourceTitle "playchess.com"]
[Source "ChessBase"]
[SourceQuality "1"]
[TimeControl "600+2"]

1. d4 d5 2. c4 c6 3. Nf3 Nf6 4. Nc3 dxc4 5. a4 Bf5 6. Ne5 Nbd7 7. Nxc4 Qc7 8. g3 e5 9. dxe5 Nxe5 10. Bf4 Nfd7 11. Qc1 {[%emt 0:00:12] D17: Slav Defence: 5 a4 Bf5: Lines with 6 Nh4 and 6 Ne5.} f6 12. Bg2 g5 (12... Be6 $5 13. Nxe5 fxe5 $11) 13. Nxe5 $1 {[%emt 0:00:20] White is slightly better.} Nxe5 14. Be3 {[%emt 0:01:32] [#]} Bd6 $146 ({Predecessor:} 14... Nc4 15. O-O Qe5 16. Ne4 Nxe3 17. Qxe3 O-O-O 18. Nxg5 Qxe3 19. fxe3 Bg6 20. Ne6 Rd2 21. Nxf8 Rxf8 {½-½ Petrov,N (2552)-Afanasiev,N (2542) Anapa Sea Harbor Cup 2021 (5)}) 15. h4 g4 16. O-O O-O 17. a5 a6 18. Rd1 Qe7 19. Na4 Rad8 20. Qc3 Bb4 21. Bc5 $1 Bxc5 22. Nxc5 Bc8 23. Re1 Kg7 24. f4 gxf3 25. exf3 Qd6 26. Re4 Qd2 27. f4 (27. Qxd2 {simplifies} Rxd2 28. f4 Ng4 29. b4) 27... Ng4 {[%emt 0:00:21] And now ...Qf2+ would win. Really sharp!} 28. Qxd2 Rxd2 29. b4 h5 30. Bf3 Rf7 31. Rae1 Rb2 32. R1e2 Rb1+ 33. Kg2 Bf5 34. Rd4 Kg6 35. Ne4 Re7 36. Nd6 {[%emt 0:00:01] [#]} (36. Red2 $11) 36... Rxe2+ (36... Ne3+ $1 $17 37. Rxe3 (37. Kh2 $2 Bg4 $19) 37... Rxe3 38. Bxh5+ Kxh5 39. Nxf5 Ree1) 37. Bxe2 $11 {[%emt 0:00:00] aiming for Nxf5.} Rb2 38. Kf1 Ne3+ 39. Kf2 Nd5 {[%emt 0:00:07] ...Nc3 is the strong threat.} 40. Nxf5 Kxf5 {[%emt 0:00:00][%mdl 4096] Endgame KRB-KRN} 41. Kf3 Kg6 (41... Rxb4 42. Rxb4 Nxb4 43. Ke3 $14) 42. Bd3+ (42. Bc4 $1 $11) 42... f5 $17 {[%emt 0:00:01] Black is more active.} 43. Bc4 $2 (43. Be2 $17) 43... Rxb4 $19 (43... Nxb4 $2 44. Rd6+ Kh7 45. Rd7+ Kg6 46. Rxb7 $16) 44. Ke2 Ra4 45. Kd3 Rxa5 46. Bb3 Rb5 ({Wrong is} 46... Ra3 $2 47. Kc2 $19) 47. Kc2 Rb4 (47... Rc5+ $142 48. Kb2 a5) 48. Rd3 Rb5 (48... a5 $19 {...Rb5 would be deadly.} 49. Bxd5 cxd5 50. Rxd5 a4 51. Rd6+ Kf7) 49. Rd2 $2 (49. Rd4 $1 $11 {and White stays safe.}) 49... Rc5+ 50. Kb2 a5 51. Re2 Kf6 52. Re5 b5 53. Bc2 Kg7 {[%emt 0:00:09] Threatens to win with ...a4.} 54. Bxf5 (54. Bd1 $142 Nb4 55. Rxc5 Nd3+ 56. Ka2 Nxc5 57. Bxh5) 54... a4 55. Be4 {[%emt 0:00:05] [#]} b4 $1 {[%emt 0:00:01] White must now prevent ...a3+.} 56. Rg5+ Kf6 $2 (56... Kf7 57. Rf5+ (57. Rxh5 $2 {loses.} a3+ 58. Kb3 Rc3+ 59. Ka2 Rxg3 $19) 57... Ke7 58. Rxh5 a3+ 59. Kb3 Rc3+ 60. Ka2 Rxg3 61. Re5+ (61. Bxd5 cxd5 62. Re5+ Kd6 $19) 61... Kd6 62. Bxd5 cxd5) 57. Rf5+ $2 (57. Rg6+ Ke7 58. Bxd5 cxd5 59. Ra6 a3+ 60. Kb3) 57... Ke6 {[%emt 0:00:01] Strongly threatening ...a3+.} 58. Re5+ Kd6 59. Bxd5 Rxd5 {[%emt 0:00:02] KR-KR} 60. Re4 c5 61. Kc2 {[%emt 0:00:01] Inhibits Rd2+.} a3 {[%emt 0:00:02] Hoping for ...Rd4.} 62. Re8 Rd4 {[%emt 0:00:03] ( -> ...Kd5)} 63. Rh8 Rc4+ (63... Kd5 $142 64. Re8 Rc4+ 65. Kb1 Rc3 66. f5 b3 67. Ra8 b2 68. Rxa3 Rxa3 69. f6 Rxg3 70. Kxb2 Rf3 71. Kc2 c4 72. f7 Kd4 73. Kd2 Rxf7 74. Kc2 Rf2+ 75. Kd1 Kd3 76. Kc1 Rh2 77. Kb1 Kc3 78. Ka1 Kb3 79. Kb1 Rh1#) 64. Kb3 Rc3+ 65. Ka2 Rc2+ (65... Kd5 $142 66. Rxh5+ Kd4 67. Re5 Rc2+ 68. Kb3 Rb2+ 69. Ka4 a2 70. Re1 Rb1 71. Re7 a1=Q+ 72. Kb5 b3 73. Rd7+ Kc3 74. f5 Qa8 75. Kxc5 Qc8+ 76. Kd6 Rd1+ {[%mdl 64] Skewer, Deflection} 77. Ke5 Qxd7 78. Kf6 Qd8+ 79. Kg6 Rd6+ 80. f6 Qxf6+ 81. Kh7 Qg6+ 82. Kh8 Rd8#) 66. Kb3 Rb2+ 67. Kc4 Rc2+ 68. Kb3 Rc3+ (68... Rf2 $19 69. Rh7 Rf3+ 70. Kc4 Rc3+ 71. Kb5 a2 72. Rh6+ Kd5 73. Rxh5+ Kd4) 69. Ka2 Rxg3 {[%emt 0:00:00] Black mates.} 70. Rxh5 c4 71. Rb5 Rg2+ 72. Kb1 b3 73. Kc1 a2 {[%emt 0:00:02] Weighted Error Value: White=0.67/Black=0.31} 0-1

[Event "CCT Airthings Masters Play-In 2023"]
[Site "Online"]
[Date "2023.02.03"]
[Round "2"]
[White "TheCount"]
[Black "Harsha_Bharathakoti"]
[Result "1-0"]
[ECO "B40"]
[WhiteElo "2659"]
[BlackElo "2523"]
[Annotator "TA"]
[PlyCount "45"]
[EventDate "2023.02.03"]
[EventType "swiss"]
[EventCountry "NET"]
[SourceTitle "playchess.com"]
[Source "ChessBase"]
[SourceQuality "1"]
[TimeControl "600+2"]

1. e4 c5 2. Nf3 e6 3. b3 a6 4. Bb2 Nc6 5. c4 Nf6 6. e5 {[%emt 0:00:10] B40: Sicilian: 2...e6, Unusual lines.} Ng4 7. h3 Nh6 8. Be2 $5 {[%emt 0:01:23][%mdl 4] The position is equal. Leaves trodden paths.} Nf5 9. O-O {[%emt 0:00:03] [#]} Be7 $146 ({Predecessor:} 9... d6 10. exd6 Bxd6 11. Bd3 Nfd4 12. Nxd4 cxd4 13. Be4 e5 14. Re1 O-O 15. c5 Bxc5 16. Bxc6 bxc6 17. Rxe5 {0-1 Enersen,E (1911)-Gajewski,G (2630) Oslo op Fornebu 2017 (1)}) 10. Nc3 O-O ({Better is} 10... d6 $15) 11. Ne4 b6 12. Re1 Bb7 13. Bd3 f6 14. exf6 gxf6 15. Ng3 Nxg3 16. fxg3 f5 {[%emt 0:00:00] Against Be4} 17. g4 fxg4 (17... Bf6 $11 18. Bc3 (18. Bxf6 Qxf6 19. gxf5 Nb4 $17) 18... fxg4 19. hxg4 Rf7) 18. Ne5 $16 {[%emt 0:00:12] White is more active.} Nxe5 (18... Bh4 $16 {was necessary.}) 19. Rxe5 $18 ({Worse is} 19. Bxe5 h5 $11) 19... Rf4 {[%emt 0:00:01] [#] ...Bh4 would be deadly.} 20. Bxh7+ $1 {[%emt 0:00:25][%mdl 64] Decoy} Kxh7 $2 (20... Kf7) 21. Qc2+ ({Wrong is} 21. Rh5+ $2 Kg6 22. hxg4 Bf6 $19) 21... Kg7 22. Rg5+ {[%emt 0:00:09][%mdl 64] Discovered Attack (Double check), Double Attack} (22. Rxc5+ $2 {too greedy.} Bf6 23. Rg5+ Kf8 24. Rxg4 Rxg4 25. hxg4 Bxb2 26. Rf1+ Ke7 27. Qxb2 Qh8 28. Qxh8 Rxh8 $19) 22... Kf8 {[%emt 0:00:01] [#]} 23. Rg8+ $3 {[%emt 0:00:03][%mdl 576] Skewer, Decoy. An entertaining game by TheCount.   Weighted Error Value: White=0.08 (flawless) /Black=0.76} 1-0

[Event "CCT Airthings Masters Play-In 2023"]
[Site "Online"]
[Date "2023.02.03"]
[Round "2"]
[White "SahajGrover"]
[Black "Igrok"]
[Result "1/2-1/2"]
[ECO "B12"]
[WhiteElo "2651"]
[BlackElo "2512"]
[Annotator "TA"]
[PlyCount "78"]
[EventDate "2023.02.03"]
[EventType "swiss"]
[EventCountry "NET"]
[SourceTitle "playchess.com"]
[Source "ChessBase"]
[SourceQuality "1"]
[TimeControl "600+2"]

1. e4 c6 2. d4 d5 3. e5 c5 4. dxc5 e6 5. a3 Bxc5 6. Nf3 {[%emt 0:00:08] B12: Caro-Kann: Advance Variation.} Nc6 7. Bd3 f6 8. b4 {[%emt 0:00:24] White has an edge.} Be7 9. Bb2 Nh6 10. O-O O-O 11. c4 fxe5 12. Nxe5 Bf6 {[%emt 0:00:10] [#]} 13. Qe2 $146 ({Predecessor:} 13. Nxc6 bxc6 14. Nc3 Be5 15. Qh5 Bd4 16. Na4 Bxb2 17. Nxb2 a5 18. c5 Qf6 19. Rab1 axb4 20. axb4 {0-1 Skliarov,V (2376)-Fedoseev,V (2678) PNWCC Online blitz JP 10th 2020 (6)}) 13... Qc7 14. f4 (14. Nxc6 $14 {is more appropriate.} Bxb2 15. Ne7+ Kh8 16. Qxb2 dxc4 17. Be4 (17. Nxc8 Ng4 $11)) 14... Bxe5 15. fxe5 Rxf1+ 16. Kxf1 dxc4 17. Bxc4 {[%emt 0:00:06] This pair of bishops is nice.} Bd7 18. Nd2 Rf8+ (18... Qb6 $5) 19. Kg1 Rf4 20. h3 {[%emt 0:00:58] Black must now prevent Ne4.} Nf5 {[%emt 0:00:07] [#] Hoping for ...Qb6+.} 21. Nf3 Qb6+ (21... Nxb4 $1 $11 22. Rc1 Ng3) 22. Kh2 $16 Ncd4 23. Nxd4 Nxd4 24. Bxd4 ({White should try} 24. Qd3 $1 $14 Nf3+ 25. Kh1 (25. gxf3 $2 {too greedy.} Qf2+ 26. Kh1 Rxf3 $19) (25. Kg3 Nh4 $14)) 24... Qxd4 $11 25. Rd1 Qxc4 26. Qxc4 Rxc4 27. Rxd7 {[%emt 0:00:01][%mdl 4096] Endgame KR-KR} Rc6 28. Rxb7 Ra6 29. Kg3 Rxa3+ 30. Kf4 a5 31. b5 a4 {[%emt 0:00:01] [#]} (31... Rb3 $11) 32. Ke4 $1 $16 {[%emt 0:00:03] And now b6 would win.} Ra1 {[%emt 0:00:13] ...a3 would be deadly.} 33. Ra7 {[%emt 0:00:43] White is more active.} (33. Kd3 $16) 33... Rb1 $11 {[%emt 0:00:04] The position is equal.} 34. Rxa4 Rxb5 35. Ra7 Kf8 36. Rc7 Rb4+ 37. Ke3 Rb2 38. g3 Rb3+ 39. Kf4 Rb4+ {[%emt 0:00:02] Weighted Error Value: White=0.12 (very precise) /Black=0.13 (very precise)} 1/2-1/2